 Dungeon Crawl Stone Soup version 0.27.1-1-g398f81649c (webtiles) character file.

Game seed: 14665756013613377766

991 wingedge the Shooter (level 8, -2/61 HPs)
             Began as a Human Hunter on Sept 12, 2021.
             Was a Follower of Fedhas.
             Slain by an ogre (29 damage)
             ... on level 7 of the Dungeon.
             The game lasted 00:23:05 (6198 turns).

wingedge the Shooter (Human Hunter)                 Turns: 6198, Time: 00:23:07

Health: -2/61      AC:  8    Str: 19    XL:     8   Next: 41%
Magic:  9/9        EV: 12    Int: 12    God:    Fedhas [*.....]
Gold:   67         SH:  0    Dex: 15    Spells: 9/9 levels left

rFire    . . .     SeeInvis .   a - +1 shortbow
rCold    . . .     Faith    .   (shield currently unavailable)
rNeg     . . .     Spirit   .   r - +0 ring mail
rPois    +         Reflect  .   h - +0 helmet
rElec    .         Harm     .   (no cloak)
rCorr    .         Rampage  .   (no gloves)
Will     .....                  f - +0 pair of boots
Stlth    ++........             (no amulet)
HPRegen  0.20/turn              o - +6 ring of strength
MPRegen  0.11/turn              B - ring of poison resistance

@: no status effects
A: no striking features
a: Renounce Religion


You were on level 7 of the Dungeon.
You worshipped Fedhas.
Fedhas was aware of your devotion.
You visited 2 branches of the dungeon, and saw 7 of its levels.

You collected 214 gold pieces.
You spent 147 gold pieces at shops.

Inventory:

Hand Weapons
 a - a +1 shortbow (weapon)
 b - a +0 short sword
 k - a +0 hunting sling
 m - a +1 long sword of holy wrath
Missiles
 d - 11 arrows (quivered ammo)
 e - 26 poisoned darts
 g - 20 sling bullets
Armour
 c - a +0 leather armour
 f - a +0 pair of boots (worn)
 h - a +0 helmet (worn)
 r - a +0 ring mail (worn)
Jewellery
 o - a +6 ring of strength (left hand)
 s - a ring of flight
 u - a ring of fire
 B - a ring of poison resistance (right hand)
Wands
 y - a wand of flame (2)
Scrolls
 j - a scroll of teleportation
 l - 4 scrolls of identify
 n - a scroll of magic mapping {unknown}
 p - a scroll of enchant armour {unknown}
 q - a scroll of fog {unknown}
 t - a scroll of enchant weapon {unknown}
 v - a scroll of vulnerability {unknown}
 w - a scroll of fear {unknown}
 C - a scroll of summoning {unknown}
Potions
 i - 2 potions of degeneration
 x - a potion of attraction
 z - a potion of berserk rage {unknown}
 A - a potion of magic {unknown}


   Skills:
 + Level 4.3 Fighting
 + Level 2.2 Long Blades
 - Level 5.0 Bows
 * Level 3.2 Armour
 + Level 4.0 Dodging
 - Level 3.0 Stealth
 + Level 1.3 Spellcasting
 + Level 1.5 Transmutations
 + Level 2.3 Invocations
 - Level 2.1 Evocations


You had 9 spell levels left.
You didn't know any spells.
Your spell library contained the following spells:

 Spells                   Type           Power      Damage    Failure   Level
 Beastly Appendage        Tmut           8%         N/A       26%         1
 Wereblood                Tmut           4%         N/A       36%         2
 Spider Form              Tmut/Pois      1%         N/A       71%         3
 Stone Arrow              Conj/Erth      0%         3d7       83%         3
 Summon Guardian Golem    Hex/Summ       0%         N/A       83%         3
 Animate Armour           Summ/Erth      0%         N/A       99%         4
 Orb of Destruction       Conj           0%         N/A       100%        7
 Spellforged Servitor     Conj/Summ      0%         N/A       100%        7
 Lehudib's Crystal Spear  Conj/Erth      0%         10d2      100%        8


Dungeon Overview and Level Annotations

Branches:
Dungeon (7/15)             Temple (1/1) D:7

Altars:
Fedhas
Qazlal
Ru
Trog
Vehumet
Zin

Shops:
D:1 =!   D:3 !   D:4 *

Annotations:
D:4 Eustachio


Message History

You shoot an arrow. The arrow hits the ogre!
The ogre is moderately wounded.
Fire: 12 arrows
Press: ? - help, Q - select action, (/) - cycle Shift-Dir - straight line, f/p - ogre
Aim: an ogre, wielding a +0 giant club (moderately wounded, 77% to hit)
You shoot an arrow. The arrow completely misses the ogre.
The arrow hits the ogre.
The ogre is lightly wounded.
Aiming: Throw Flame
Press: ? - help, Shift-Dir - straight line, f/p - ogre
Aim: an ogre, wielding a +0 giant club (moderately wounded, 86% to hit)
The puff of flame hits the ogre!
The ogre is severely wounded.
The ogre hits you with a +0 giant club!
Aiming: Throw Flame
Press: ? - help, Shift-Dir - straight line, f/p - ogre
Aim: an ogre, wielding a +0 giant club (severely wounded, 86% to hit)
The puff of flame hits the ogre.
The ogre is almost dead.
The ogre hits you with a +0 giant club!!
The ogre barely misses you.
Aiming: Throw Flame
Press: ? - help, Shift-Dir - straight line, f/p - ogre
Aim: an ogre, wielding a +0 giant club (almost dead, 86% to hit)
The puff of flame hits the ogre!
You kill the ogre!
Fedhas appreciates your contribution to the ecosystem.
Your Dodging skill increases to level 4!
Aiming: Throw Flame
Press: ? - help, Shift-Dir - straight line, f - ogre
Aim: an ogre, wielding a +0 giant club (lightly wounded, 86% to hit)
The puff of flame misses the ogre.
The ogre barely misses you.
Aiming: Throw Flame
Press: ? - help, Shift-Dir - straight line, f/p - ogre
Aim: an ogre, wielding a +0 giant club (lightly wounded, 86% to hit)
The puff of flame hits the ogre!
The ogre is heavily wounded.
The ogre hits you with a +0 giant club!!
You die...
Fedhas appreciates your contribution to the ecosystem.

........ ....
#......# ...#
#......##...#
#...........#
#...........#
#..........#
#..........####
#♣
♣##.......O......
#.
.#.....#.@).((...
♣♣.
.#.....#.........
..
.#.....######....
♣. .#........#
!..
#.###.#...##...#
..
♣.).♣#........#
♣♣♣.♣#.......(#
♣♣.♣♣#........#
♣.♣♣
#........#######


You could see an ogre.

Vanquished Creatures
  An ice beast (D:5)
  A sky beast (D:7)
  3 ogres
  A phantom (D:5)
  A kobold brigand (D:7)
  A bullfrog (D:7)
  A bullfrog zombie (D:5)
  A centaur zombie (D:5)
  A hound (D:4)
  Jessica (D:3)
  An iguana (D:5)
  A statue (D:3)
  2 hound skeletons (D:4)
  A gnoll (D:3)
  7 adders
  An ufetubus (D:5)
  An adder skeleton (D:5)
  2 worms
  2 dart slugs
  6 orcs
  6 ball pythons
  5 bats
  6 endoplasms
  6 giant cockroaches
  4 goblins
  6 hobgoblins
  3 jackals (D:1)
  2 quokkas (D:2)
  A frilled lizard (D:2)
  8 kobolds
  5 rats
88 creatures vanquished.

Vanquished Creatures (others)
  16 plants
16 creatures vanquished.

Grand Total: 104 creatures vanquished

Notes
Turn   | Place    | Note
-------+----------+-------------------------------------------
     0 | D:1      | wingedge the Human Hunter began the quest for the Orb.
     0 | D:1      | Reached XP level 1. HP: 16/16 MP: 1/1
    30 | D:1      | Found Ohetefue's Jewellery Emporium.
    81 | D:1      | Reached XP level 2. HP: 22/22 MP: 2/2
   431 | D:1      | Found Igge's Distillery.
   499 | D:1      | You fall into a shaft and drop 1 floor!
   560 | D:2      | Found a stormy altar of Qazlal.
   588 | D:2      | Reached XP level 3. HP: 25/28 MP: 3/3
   904 | D:1      | Found a faded altar of an unknown god.
  1368 | D:1      | Bought a potion of degeneration for 14 gold pieces
  1508 | D:2      | Reached XP level 4. HP: 34/34 MP: 4/4
  2101 | D:2      | Reached XP level 5. HP: 41/41 MP: 5/5
  2330 | D:3      | Noticed Jessica
  2344 | D:3      | Killed Jessica
  2526 | D:3      | Found Luysk's Distillery.
  2574 | D:3      | Found a radiant altar of Vehumet.
  2582 | D:3      | Noticed a frost-covered statue
  2600 | D:3      | Killed a frost-covered statue
  3327 | D:3      | Reached XP level 6. HP: 40/47 MP: 6/6
  3333 | D:3      | Reached skill level 1 in Armour
  3566 | D:4      | Found a blossoming altar of Fedhas.
  3574 | D:4      | Became a worshipper of Fedhas Madash
  3695 | D:4      | Reached skill level 1 in Long Blades
  3814 | D:4      | Noticed an ogre
  3827 | D:4      | Killed an ogre
  4020 | D:4      | Reached skill level 1 in Invocations
  4201 | D:4      | Found Qayx's Elemental Accessories.
  4229 | D:4      | Bought a wand of flame (17) for 133 gold pieces
  4504 | D:5      | Entered Level 5 of the Dungeon
  4555 | D:5      | Reached XP level 7. HP: 49/53 MP: 7/7
  4594 | D:5      | Found a glowing silver altar of Zin.
  4893 | D:5      | Found a sacrificial altar of Ru.
  5049 | D:5      | Reached * piety under Fedhas
  5118 | D:5      | Reached skill level 1 in Evocations
  5516 | D:5      | Noticed Eustachio
  5536 | D:5      | Reached skill level 1 in Transmutations
  5830 | D:4      | You fall into a shaft and drop 3 floors!
  5833 | D:7      | Reached skill level 5 in Bows
  5833 | D:7      | Reached XP level 8. HP: 53/60 MP: 9/9
  5848 | D:7      | Reached skill level 1 in Spellcasting
  6153 | D:7      | Found a staircase to the Ecumenical Temple.
  6166 | Temple   | Entered the Ecumenical Temple
  6198 | D:7      | Slain by an ogre

Illustrated notes

Levels and vault maps discovered:
D:1:      lemuel_arrival_cross, layout_basic, ebering_ecumenical_altar_hall,
          serial_shops, nicolae_shop_window_shopping, shop, grunt_decor_cap
D:2:      layout_basic, basic_altar, minmay_misc_feat_columns, kennysheep_boxes
D:3:      layout_rooms, vehumet_statue, serial_shops, nicolae_shop_behind_doors,
          serial_aquarium, aquarium_bridge_straight [aquarium_subvault_bridge,
          aquarium_subvault_wall, aquarium_subvault_bridge,
          aquarium_subvault_wall], aquarium_window_fake, aquarium_window_1,
          aquarium_view_2c, aquarium_balcony_5b, st_stairs_3, uniq_jessica
D:4:      layout_basic, mainiacjoe_overflow_alcove_1, nicolae_elemental_shop,
          chequers_serial_rivers_room_b, hangedman_abyss_or_decor_lesser_grid
D:5:      layout_basic, nicolae_ru_awakened_eye,
          mainiacjoe_overflow_surrounded_room, chequers_serial_rivers_small_3,
          nrook_mini_backslash, kennysheep_generic_room_13, uniq_duvessa,
          uniq_eustachio
D:7:      nzn_winding_woodlands_large [nzn_winding_woodlands_5x5_checkerboard,
          nzn_winding_woodlands_5x15_lazy_stream,
          nzn_winding_woodlands_5x5_open_star,
          nzn_winding_woodlands_center_triple_pond,
          nzn_winding_woodlands_15x15_thick_spiral,
          nzn_winding_woodlands_center_lodge, nzn_winding_woodlands_5x5_three,
          nzn_winding_woodlands_5x15_cabin,
          nzn_winding_woodlands_5x5_closed_star], layout_basic, bloody_makhleb,
          enter_bailey_5
Temple:   eino_wide_crystal_templ

Skill      XL: |  1  2  3  4  5  6  7  8 |
---------------+-------------------------+-----
Fighting       | 3 4 |  4.3
Dodging        | 3 4 |  4.0
Stealth        | 2 3 |  3.0
Armour         | 1 2 3 |  3.2
Long Blades    | 1 2 |  2.2
Invocations    | 1 2 |  2.3
Evocations     | 1 2 |  2.1
Transmutations | 1 |  1.5
Bows           | 5 |  5.0
Spellcasting   | 1 |  1.3

Action                   |  1- 3 |  4- 6 |  7- 9 || total
-------------------------+-------+-------+-------++-------
Melee: Short sword       |    93 |       |       ||    93
       Long sword        |     8 |   115 |    69 ||   192
 Fire: Shortbow          |    26 |    38 |     9 ||    73
Evoke: Wand              |       |       |    15 ||    15
  Use: Scroll            |       |       |     4 ||     4
       Potion            |       |       |     3 ||     3
 Stab: Sleeping          |     1 |     3 |     2 ||     6
       Distracted        |       |       |     1 ||     1
Armor: Leather armour    |    42 |    15 |       ||    57
       Ring mail         |       |    39 |    61 ||   100
       Skin              |       |     1 |       ||     1
Dodge: Dodged            |    86 |    93 |    97 ||   276
       Rpst.: Long sword |     3 |    27 |    19 ||    49
